 Dungeon Crawl Stone Soup version 0.18.1-48-g4cf74bf (webtiles) character file.

201 Zenace the Insei (level 6, -3/47 HPs)
             Began as a Human Monk on Aug 31, 2016.
             Was a Believer of Dithmenos.
             Slain by Pikel
             ... wielding a +2 whip of freezing
              (4 damage)
             ... on level 4 of the Dungeon.
             The game lasted 00:34:47 (3624 turns).

Zenace the Insei (Human Monk)                       Turns: 3624, Time: 00:34:48

Health: -3/47      AC:  3    Str: 12    XL:     6   Next: 7%
Magic:  6/6        EV: 13    Int: 10    God:    Dithmenos [**....]
Gold:   225        SH:  0    Dex: 17    Spells: 0 memorised, 5 levels left

rFire  . . .     SeeInvis .       - Unarmed
rCold  . . .     Gourm    .     w - +0 leather armour
rNeg   . . .     Faith    .     (no shield)
rPois  .         Spirit   .     (no helmet)
rElec  .         Dismiss  .     (no cloak)
rCorr  .         Reflect  .     (no gloves)
SustAt .         Harm     .     (no boots)
MR     .....                    (no amulet)
Stlth  ++........               (no ring)
                                (no ring)

@: about to teleport, wreathed by umbra, not resistant to hostile enchantments,
unstealthy
A: no striking features
a: Shadow Step, Renounce Religion


You were on level 4 of the Dungeon.
You worshipped Dithmenos.
Dithmenos was pleased with you.
You were not hungry.

You visited 1 branch of the dungeon, and saw 4 of its levels.

You collected 225 gold pieces.

Inventory:

Missiles
 d - 26 sling bullets
 f - 85 arrows
 h - 35 bolts
 r - 53 stones (quivered)
Armour
 a - a +0 robe
 w - a +0 leather armour (worn)
Scrolls
 k - a scroll of teleportation
 o - a scroll of remove curse {unknown}
 u - a scroll of amnesia {unknown}
 v - a scroll of magic mapping {unknown}
 x - a scroll of fog {unknown}
 y - a scroll of identify
 B - 2 scrolls of enchant armour {unknown}
Potions
 e - a potion of cancellation {unknown}
 g - 3 potions of heal wounds {unknown}
 i - a potion of cure mutation
 j - 4 potions of might {unknown}
 m - 3 potions of agility
 n - a potion of berserk rage {unknown}
 q - 2 potions of flight {unknown}
 s - a potion of mutation {unknown}
 t - 2 potions of degeneration {unknown}
 z - 3 potions of curing {unknown}
 A - a potion of lignification {unknown}
 C - a potion of brilliance {unknown}
Comestibles
 b - 2 bread rations
 c - a meat ration
 l - a chunk of flesh
 p - 3 slices of pizza


   Skills:
 - Level 3.6 Fighting
 - Level 3.5 Dodging
 - Level 2.0 Stealth
 + Level 6.2 Unarmed Combat


You had 5 spell levels left.
You didn't know any spells.

Dungeon Overview and Level Annotations

Branches:
Dungeon (4/15)
 Temple: D:4-7

Altars:
Dithmenos
Pakellas

Annotations:
D:4 Pikel


Message History

You hit Pikel but do no damage.
Pikel is moderately wounded.
Pikel closely misses you.
You hit Pikel.
Pikel is moderately wounded.
Pikel hits you with a whip of freezing!
* * * LOW HITPOINT WARNING * * *
Pikel freezes you.
* * * LOW HITPOINT WARNING * * *
You feel sick.
You are no longer poisoned.
There is an open door here.
Drop what? 29/52 slots (_ for help) (? for menu, Esc to quit)
Okay, then.
Read which item? (? for menu, Esc to quit)
As you read the scroll of teleportation, it crumbles to dust.
You feel strangely unstable. Pikel hits you with a whip of freezing!
* * * LOW HITPOINT WARNING * * *
Pikel freezes you.
You die...

...... ... #.....##...#..... ####
#...# .... #.....##...##....
.?..##...##$... #.....##...##..##
.............. #.....##.......##
......†....... #'######.........
#+####...########......#.........
#..p##....##......#.......##
#..?##..p.K.......#.......##
..##.Z.##..p.#@.....##...#####
.......pp.....#......##'####..#
........##....##.....#........#
...##...########...>.#........##
### #.... +.....#.........# #+###
#.....#.........#
.....#........## .....#........##
#.........#


You could see Pikel and a slave.

Vanquished Creatures
  A worker ant (D:4)
  5 adders
  3 oozes
  An adder zombie (D:4)
  6 worms
  3 dart slugs
  3 giant geckos
  An orc (D:3)
  3 giant cockroaches
  6 goblins
  9 hobgoblins
  3 jackals (D:3)
  2 kobolds
  2 quokkas
  A ball python (D:2)
  5 bats
  8 giant newts
  45 rats
107 creatures vanquished.

Notes
Turn   | Place    | Note
--------------------------------------------------------------
     0 | D:1      | Zenace the Human Monk began the quest for the Orb.
     0 | D:1      | Reached XP level 1. HP: 18/18 MP: 1/1
   180 | D:1      | Reached XP level 2. HP: 21/24 MP: 2/2
   673 | D:1      | Reached XP level 3. HP: 23/29 MP: 3/3
  1586 | D:2      | Reached XP level 4. HP: 26/35 MP: 4/4
  1811 | D:2      | Found an oddly glowing altar of Pakellas.
  2278 | D:2      | Reached skill level 5 in Unarmed Combat
  2337 | D:2      | Reached XP level 5. HP: 40/41 MP: 5/5
  2957 | D:3      | Found a faded altar to an unknown god.
  2979 | D:3      | Became a worshipper of Dithmenos the Shadowed
  2979 | D:3      | Reached * piety under Dithmenos
  2979 | D:3      | Reached ** piety under Dithmenos
  3442 | D:4      | Reached skill level 6 in Unarmed Combat
  3569 | D:4      | Reached XP level 6. HP: 47/47 MP: 6/6
  3590 | D:4      | Noticed a slave
  3592 | D:4      | Noticed Pikel
  3592 | D:4      | Noticed a slave
  3593 | D:4      | Noticed a slave
  3597 | D:4      | Noticed a slave
  3624 | D:4      | HP: 1/47 [Pikel/whip of freezing (7)]
  3624 | D:4      | Slain by Pikel

Skill      XL: |  1  2  3  4  5 |
---------------+----------------+-----
Unarmed Combat | 5 6 |  6.2
Fighting       | |  3.6
Dodging        | |  3.5
Stealth        | |  2.0

Action                   |  1- 3 |  4- 6 || total
-------------------------+-------+-------++-------
Melee: Unarmed           |   116 |   231 ||   347
       Punch             |     2 |     5 ||     7
Invok: Shadow Step       |       |     2 ||     2
  Use: Scroll            |     4 |     1 ||     5
       Potion            |     1 |       ||     1
 Stab: Sleeping          |     2 |     7 ||     9
  Eat: Chunk             |     2 |     7 ||     9
Armor: Robe              |    17 |     7 ||    24
       Leather armour    |       |     5 ||     5
Dodge: Dodged            |    59 |   108 ||   167
